 Dungeon Crawl Stone Soup version 0.29-a0-997-gf6f7e2dfe7 (webtiles) character file.

Game seed: 16280493590123152594

35030 Sweeb the Fencer (level 13, -22/126 HPs)
             Began as a Tengu Monk on Aug 5, 2022.
             Was the Champion of Dithmenos.
             Annihilated by Rupert
             ... wielding a +2 great mace of venom
              (27 damage)
             ... on level 4 of the Lair of Beasts.
             The game lasted 00:23:24 (18176 turns).

Sweeb the Fencer (Tengu Monk)                      Turns: 18176, Time: 00:23:25

Health: -22/126    AC: 11    Str: 14    XL:     13   Next: 81%
Magic:  14/14      EV: 24    Int: 10    God:    Dithmenos [******]
Gold:   1146       SH:  0    Dex: 20    Spells: 12/12 levels left

rFire   + . .      SeeInvis +   F - +2 long sword (freeze)
rCold   + . .      Faith    .   (no shield)
rNeg    . . .      Spirit   .   N - +1 leather armour of the Trout {rF+ rCorr SInv}
rPois   .          Reflect  .   u - +1 hat
rElec   .          Harm     .   (no cloak)
rCorr   +          Rampage  .   p - +1 pair of gloves
Will    .....      Clarity  +   (boots unavailable)
Stlth   ..........              h - amulet of the acrobat
HPRegen 0.31/turn               i - +4 ring of protection
MPRegen 0.14/turn               B - ring of protection from cold

@: berserking, flying quickly and evasively, wreathed by umbra, very quick
A: beak, talons 3, nimble flight, clarity, passive freeze
a: Renounce Religion, Shadow Step, Shadow Form


You were on level 4 of the Lair of Beasts.
You worshipped Dithmenos.
Dithmenos was exalted by your worship.
You visited 3 branches of the dungeon, and saw 17 of its levels.

You collected 1146 gold pieces.

Inventory:

Hand Weapons
 a - a +1 falchion of freezing
 b - a +1 scimitar of flaming
 j - a +2 long sword of holy wrath
 w - a +0 scimitar
 F - a +2 long sword of freezing (weapon)
 Q - a +0 great sword of chaos
Missiles
 n - 3 throwing nets (quivered)
Armour
 f - +3 steam dragon scales
 p - a +1 pair of gloves (worn)
 u - a +1 hat (worn)
 N - the +1 leather armour of the Trout (worn) {rF+ rCorr SInv}
   (You found it on level 1 of the Lair of Beasts)

   rF:        It protects you from fire.
   SInv:      It lets you see invisible.
   rCorr:     It protects you from acid and corrosion.
Jewellery
 e - a ring of protection from cold
 h - an amulet of the acrobat (around neck)
 i - a +4 ring of protection (left hand)
 B - a ring of protection from cold (right hand)
 G - an amulet of magic regeneration
 O - a ring of wizardry
Wands
 d - a wand of iceblast (23)
 v - a wand of quicksilver (16)
 x - a wand of flame (44)
 C - a wand of mindburst (31)
 D - a wand of polymorph (10)
 H - a wand of charming (19)
 M - a wand of digging (2)
Scrolls
 g - 4 scrolls of fear
 l - 2 scrolls of enchant weapon
 m - 11 scrolls of teleportation
 r - 5 scrolls of blinking
 y - 3 scrolls of amnesia
 I - a scroll of identify
Potions
 c - a potion of ambrosia
 k - a potion of cancellation {unknown}
 o - 3 potions of brilliance
 q - 3 potions of attraction
 s - 9 potions of curing
 t - a potion of haste
 z - 2 potions of resistance
 A - 2 potions of lignification
 E - 3 potions of berserk rage
 J - a potion of flight {unknown}
 K - a potion of mutation
 L - 4 potions of might
 P - a potion of magic {unknown}


   Skills:
 + Level 11.1 Fighting
 * Level 16.3 Long Blades
 + Level 12.0 Dodging
 + Level 11.7 Stealth


You had 12 spell levels left.
You didn't know any spells.
Your spell library contained the following spells:

 Spells                   Type           Power      Damage    Failure   Level
 Sandblast                Erth           0%         2d4       43%         1
 Summon Small Mammal      Summ           0%         N/A       43%         1
 Ensorcelled Hibernation  Hex/Ice        0%         N/A       58%         2
 Passwall                 Tmut/Erth      0%         N/A       58%         2
 Call Canine Familiar     Summ           0%         N/A       82%         3
 Dazzling Flash           Conj/Hex       0%         N/A       82%         3
 Inner Flame              Hex/Fire       0%         N/A       82%         3
 Stone Arrow              Conj/Erth      0%         3d7       82%         3
 Summon Guardian Golem    Hex/Summ       0%         N/A       82%         3
 Swiftness                Air            0%         N/A       82%         3
 Anguish                  Hex/Necr       0%         N/A       99%         4
 Cause Fear               Hex            0%         N/A       99%         4
 Dispel Undead            Necr           0%         3d6       99%         4
 Iskenderun's Mystic Bla  Conj/Tloc      0%         2d3       99%         4
 Summon Ice Beast         Ice/Summ       0%         N/A       99%         4
 Summon Mana Viper        Hex/Summ       0%         N/A       100%        5
 Eringya's Noxious Bog    Tmut/Pois      0%         N/A       100%        6
 Starburst                Conj/Fire      0%         6d3       100%        6
 Enfeeble                 Hex            0%         N/A       100%        7
 Monstrous Menagerie      Summ           0%         N/A       100%        7
 Discord                  Hex            0%         N/A       100%        8
 Death's Door             Necr           0%         N/A       100%        9


Dungeon Overview and Level Annotations

Branches:
Dungeon (12/15)            Temple (1/1) D:4            Lair (4/5) D:11
  Swamp (0/4) Lair:2       Spider (0/4) Lair:3          Orc (0/2) D:12
  Slime: Lair:4-5

Altars:
Ashenzari
Cheibriados
Dithmenos
Fedhas
Gozag
Hepliaklqana
Kikubaaqudgha
Makhleb
Nemelex Xobeh
Okawaru
Qazlal
Ru
Sif Muna
Trog
Uskayaw
Vehumet
Wu Jian
Xom
Yredelemnul
Zin
The Shining One

Shops:
D:8 [

Annotations:
D:9 3 runed translucent doors, zeratav's ghost, novice OpVM
Lair:3 exclusion: oklob plant
Lair:4 Rupert


Innate Abilities, Weirdness & Mutations

You have a beak for a mouth.
You have claws for feet.
Your magical nature lets you fly swiftly and evasively.
You possess an exceptional clarity of mind.
A frigid envelope surrounds you and freezes all who hurt you.


Message History

Rupert is heavily wounded.
You feel very sick. Rupert closely misses you.
You hit Rupert. You freeze Rupert. You claw Rupert.
Rupert is heavily wounded.
You feel very sick. Rupert completely misses you.
You slash Rupert! You freeze Rupert. You claw Rupert. Your peck misses Rupert.
Rupert is severely wounded.
Your shadow barely misses Rupert.
You feel very sick.
Rupert hits you with a +2 great mace of venom.
You are more poisoned.
Rupert is very cold.
Rupert is severely wounded.
You hit Rupert but do no damage. You claw Rupert, but do no damage.
You peck Rupert, but do no damage.
Rupert is severely wounded.
You feel very sick.
Rupert hits you with a +2 great mace of venom!
You are lethally poisoned!
Rupert is very cold.
Rupert is severely wounded.
You hit Rupert but do no damage. You claw Rupert. You peck Rupert.
Rupert is severely wounded.
Your shadow hits Rupert but does no damage.
* * * LOW HITPOINT WARNING * * *
You feel extremely sick. Rupert closely misses you.
Unknown command.
You feel better.
Rupert hits you with a +2 great mace of venom!!
* * * LOW HITPOINT WARNING * * *
Rupert is very cold.
Rupert is severely wounded.
Rupert barely misses you.
A red film seems to cover your vision as you go berserk!
You feel yourself moving faster!
You feel mighty!
Rupert hits you with a +2 great mace of venom!!
You die...

..............#..####..P#..#
.......##....P......§.P##..##
.#.##...#.....§.≈≈≈§≈§.#....#
.##.#..).......§§##§≈§#.#..##
.[..............§#≈§§......##
...............§§§≈≈≈......P#
.#..#..###....#§§§......#####
..###..# .....§§§####.###
..###..# .....§§@## ###
...##.## ..PPPP§#@# ....#.#
..P~~P§§## ......####.P~~P§#
....#....#PP~~PP
...........PPPP.
................
..###....#......
#.##.....##P..


You could see Rupert (berserk).

Vanquished Creatures
  Nessos (Lair:4)
  Josephine (Lair:3)
  Erica (D:10)
  2 hydras
  4 two-headed ogres
  3 death yaks (Lair:4)
  A bog body (Lair:2)
  A wolf spider (Lair:3)
  An oklob plant (D:11)
  2 manticores
  2 cyclopes
  Joseph (D:7)
  3 black mambas
  2 gargoyles
  13 cane toads
  A kobold demonologist (D:8)
  4 rime drakes
  4 komodo dragons
  2 trolls (D:11)
  Grinder (D:3)
  2 polar bears
  12 blink frogs
  A hornet (D:10)
  A culicivora (Lair:3)
  A shadow (D:8)
  3 wraiths (Lair:3)
  38 yaks
  3 wyverns
  A basilisk (Lair:2)
  A fire elemental (Lair:4)
  2 steam dragons
  2 redbacks (Lair:3)
  3 vampire mosquitoes (D:12)
  5 water moccasins
  2 sky beasts (D:7)
  4 black bears
  An ice beast (D:7)
  3 orc warriors
  6 centaurs
  11 wolves (Lair:2)
  3 phantoms
  2 kobold brigands
  3 gnoll sergeants
  4 bullfrogs
  8 wights
  5 killer bees
  8 howler monkeys
  3 electric eels
  7 orc priests
  A jelly (D:5)
  2 gnoll boudas
  4 hounds
  6 iguanas
  10 orc wizards
  22 gnolls
  5 adders
  A shadow imp (D:7)
  2 white imps
  2 ufetubi
  3 worms
  2 dart slugs (D:3)
  40 orcs
  3 endoplasms
  A giant cockroach (D:2)
  4 hobgoblins
  3 quokkas
  8 ball pythons
  6 bats
  5 frilled lizards
  8 goblins
  10 kobolds
  A rat (D:1)
344 creatures vanquished.

Vanquished Creatures (others)
  An orc (D:9)
  8 fungi
  18 plants
27 creatures vanquished.

Grand Total: 371 creatures vanquished

Notes
Turn   | Place    | Note
-------+----------+-------------------------------------------
     0 | D:1      | Sweeb the Tengu Monk began the quest for the Orb.
     0 | D:1      | Reached XP level 1. HP: 14/14 MP: 2/2
   468 | D:1      | Reached XP level 2. HP: 17/19 MP: 3/3
   617 | D:1      | Found a faded altar of an unknown god.
  1394 | D:2      | Reached XP level 3. HP: 23/23 MP: 4/4
  1496 | D:2      | Reached skill level 4 in Long Blades
  1966 | D:3      | Reached XP level 4. HP: 28/28 MP: 5/5
  2159 | D:3      | Noticed Grinder
  2165 | D:3      | HP: 1/28 [Grinder/nerve-wracking pain (14)]
  2175 | D:3      | Killed Grinder
  2176 | D:3      | Reached skill level 5 in Long Blades
  2176 | D:3      | Gained mutation: Your magical nature lets you fly swiftly
                  | and evasively. [Tengu growth]
  2176 | D:3      | Reached XP level 5. HP: 20/33 MP: 6/6
  2176 | D:3      | Reached XP level 6. HP: 23/38 MP: 7/7
  2843 | D:4      | Found a staircase to the Ecumenical Temple.
  2886 | Temple   | Entered the Ecumenical Temple
  3051 | Temple   | Became a worshipper of Dithmenos the Shadowed
  3051 | Temple   | Reached * piety under Dithmenos
  3051 | Temple   | Reached ** piety under Dithmenos
  3442 | D:4      | Reached XP level 7. HP: 43/43 MP: 8/8
  3515 | D:4      | Reached skill level 6 in Long Blades
  3982 | D:4      | Found a sacrificial altar of Ru.
  4057 | D:5      | Entered Level 5 of the Dungeon
  4400 | D:5      | Reached skill level 5 in Dodging
  5001 | D:5      | Reached XP level 8. HP: 45/48 MP: 9/9
  5057 | D:5      | Found a burning altar of Makhleb.
  5062 | D:5      | Reached skill level 5 in Fighting
  5062 | D:5      | Reached skill level 7 in Long Blades
  5267 | D:6      | Reached skill level 5 in Stealth
  5571 | D:6      | Reached *** piety under Dithmenos
  5593 | D:6      | Reached skill level 8 in Long Blades
  5958 | D:6      | Found an ornate altar of the Wu Jian Council.
  6064 | D:6      | Found a broken altar of Ashenzari.
  6100 | D:6      | Reached XP level 9. HP: 30/55 MP: 10/10
  6336 | D:6      | Found a blossoming altar of Fedhas.
  6427 | D:6      | Found a glowing silver altar of Zin.
  6738 | D:7      | Noticed Joseph
  6763 | D:7      | Killed Joseph
  6764 | D:7      | Reached skill level 9 in Long Blades
  7215 | D:7      | Found an opulent altar of Gozag.
  7886 | D:8      | Reached **** piety under Dithmenos
  7977 | D:8      | Reached skill level 10 in Long Blades
  8170 | D:8      | Found Peoliulo's Armour Shoppe.
  8293 | D:8      | Noticed a kobold demonologist
  8303 | D:8      | Killed a kobold demonologist
  8304 | D:8      | Reached XP level 10. HP: 62/63 MP: 11/11
  8313 | D:8      | Found a basalt altar of Yredelemnul.
  8758 | D:8      | Found a glowing golden altar of the Shining One.
  8974 | D:8      | Gained mutation: You have a pair of small horns on your
                  | head. [potion of mutation]
  8974 | D:8      | Gained mutation: Your spells are a little harder to cast,
                  | but a little more powerful. [potion of mutation]
  8975 | D:8      | Lost mutation: Your spells are a little harder to cast, but
                  | a little more powerful. [potion of mutation]
  8975 | D:8      | Lost mutation: You have a pair of small horns on your head.
                  | [potion of mutation]
  8975 | D:8      | Gained mutation: You possess an exceptional clarity of
                  | mind. [potion of mutation]
  8975 | D:8      | Gained mutation: A frigid envelope surrounds you and
                  | freezes all who hurt you. [potion of mutation]
  9346 | D:9      | Reached skill level 11 in Long Blades
  9562 | D:9      | Noticed a two-headed ogre
  9572 | D:9      | Killed a two-headed ogre
  9990 | D:9      | Found a runed translucent gate.
  9990 | D:9      | Found a runed translucent gate.
  9990 | D:9      | Found a runed translucent gate.
  9990 | D:9      | Noticed zeratav's ghost (novice OpVM)
 10084 | D:10     | Entered Level 10 of the Dungeon
 10107 | D:10     | Reached XP level 11. HP: 65/68 MP: 12/12
 10114 | D:10     | Reached skill level 12 in Long Blades
 10118 | D:10     | Noticed Erica
 10128 | D:10     | Killed Erica
 10432 | D:10     | Reached ***** piety under Dithmenos
 10568 | D:10     | Noticed a two-headed ogre
 10575 | D:10     | Killed a two-headed ogre
 10629 | D:10     | Found a radiant altar of Vehumet.
 10769 | D:10     | Noticed a cyclops
 10782 | D:10     | Killed a cyclops
 11139 | D:11     | Found an opulent altar of Gozag.
 11170 | D:11     | Noticed a two-headed ogre
 11187 | D:11     | Killed a two-headed ogre
 11212 | D:11     | Got Axyun's Omnibus of the Undead and the Coward
 11247 | D:11     | Noticed a manticore
 11255 | D:11     | Killed a manticore
 11363 | D:11     | Reached skill level 13 in Long Blades
 11543 | D:11     | Noticed an oklob plant
 11552 | D:11     | Noticed a cyclops
 11560 | D:11     | Killed a cyclops
 11611 | D:11     | Found a staircase to the Lair.
 11897 | D:11     | Reached XP level 12. HP: 61/76 MP: 13/13
 12342 | D:12     | Reached skill level 10 in Dodging
 12536 | D:12     | Found a hide-covered altar of Uskayaw.
 12813 | D:12     | Found a staircase to the Orcish Mines.
 12815 | D:12     | Noticed a two-headed ogre
 12831 | D:12     | Killed a two-headed ogre
 12951 | D:12     | Identified the +2 spear of Indomitability {drain, rC- rN+
                  | Dex+4}
 13223 | Lair:1   | Entered Level 1 of the Lair of Beasts
 13319 | Lair:1   | Reached skill level 10 in Stealth
 13324 | Lair:1   | Reached skill level 14 in Long Blades
 13800 | Lair:1   | Identified the +1 leather armour of the Trout {rF+ rCorr
                  | SInv}
 14269 | Lair:2   | Reached skill level 10 in Fighting
 14291 | Lair:2   | Reached ****** piety under Dithmenos
 14668 | Lair:2   | Found a staircase to the Swamp.
 14676 | Lair:2   | Reached skill level 15 in Long Blades
 14756 | Lair:2   | Reached XP level 13. HP: 82/82 MP: 14/14
 15718 | Lair:3   | Noticed Josephine
 15726 | Lair:3   | Killed Josephine
 16097 | Lair:3   | Found a hole to the Spider Nest.
 17048 | Lair:3   | Reached skill level 16 in Long Blades
 17917 | Lair:4   | Noticed Nessos
 17932 | Lair:4   | Killed Nessos
 18165 | Lair:4   | Noticed Rupert
 18174 | Lair:4   | HP: 3/84 [Rupert/+2 great mace of venom (28)]
 18176 | Lair:4   | Annihilated by Rupert

Illustrated notes

Levels and vault maps discovered:
D:1:      lightli_arrival_flooded_house, layout_basic,
          ebering_ecumenical_altar_webs, dreamdust_princess_bridge,
          kennysheep_pointless_box, hangedman_abyss_or_decor_lesser_grid
D:2:      minmay_angry_zag, layout_basic, hex_intersection, hex_medium
D:3:      layout_rooms, uniq_grinder
D:4:      layout_loops_ring, marbit_many_paths, minmay_temple_entry_glass
D:5:      layout_basic, lemuel_crystal_altar
D:6:      layout_basic, overflow_temple_1_default, nicolae_ashenzari_panopticon,
          mainiacjoe_overflow_24_doors, mainiacjoe_overflow_cross_hatched,
          minmay_misc_feat_four_crosses, chequers_serial_rivers_small_3
D:7:      layout_rooms, mainiacjoe_overflow_concentric_impassable, uniq_joseph
D:8:      layout_loops_ring, yredelemnul_altar_generic, tso_altar, serial_shops,
          nicolae_shop_competitors_out_of_business, minivault_27
D:9:      layout_rooms, ebering_ghost_rock_garden, supply_closet_lemuel
D:10:     layout_loops_ring, nicolae_overflow_hidden_temple,
          hangedman_decor_slide_cut, uniq_erica
D:11:     layout_basic, dpeg_oklobed_lair, nicolae_gozag_seed_capital
D:12:     layout_grid_maze, david_orc_3, eat_drink_and_be_merry_uskayaw
Temple:   nicolae_temple_bog_church
Lair:1:   layout_gridlike, grunt_megastairs_3, infiniplex_staircase_pool
Lair:2:   layout_regular_city, skrybe_swamp_entry_bodies, ldierk_geyser,
          beast_lair_carwin_10
Lair:3:   statuecave_lemuel, layout_gridlike, spider_nest_entry_funnel_web,
          minmay_lair_oklob_bushes, uniq_josephine
Lair:4:   layout_gridlike, uniq_nessos, uniq_rupert

Skill      XL: |  1  2  3  4  5  6  7  8  9 10 11 12 13 |
---------------+----------------------------------------+-----
Long Blades    | 4 5 6 8 10 11 13 15 16 | 16.3
Fighting       | 4 5 7 8 9 10 11 | 11.1
Dodging        | 4 5 6 7 8 9 11 12 | 12.0
Stealth        | 3 4 5 7 8 9 10 11 | 11.7

Action                   |  1- 3 |  4- 6 |  7- 9 | 10-12 | 13-15 || total
-------------------------+-------+-------+-------+-------+-------++-------
Melee: Falchion          |    67 |    56 |   308 |       |       ||   431
       Kick              |    12 |    14 |   105 |   187 |    89 ||   407
       Peck              |     6 |    11 |    66 |   122 |    59 ||   264
       Punch             |       |       |     3 |     6 |     1 ||    10
       Long sword        |       |       |    21 |   502 |   195 ||   718
       Scimitar          |       |       |       |       |    11 ||    11
Evoke: Wand              |       |       |       |       |     1 ||     1
  Use: Scroll            |       |    14 |     7 |     9 |     2 ||    32
       Potion            |       |     2 |     2 |     3 |     8 ||    15
 Stab: Sleeping          |     6 |     4 |    12 |    31 |    12 ||    65
       Distracted        |       |       |     2 |       |       ||     2
Armor: Robe              |     6 |     6 |    38 |     7 |       ||    57
       Steam dragon scal |       |       |       |    34 |       ||    34
       Leather armour    |       |       |       |    12 |    22 ||    34
Dodge: Dodged            |    39 |    38 |   281 |   447 |   182 ||   987

Table legend: (Time is in decaauts)
 A = Elapsed time spent in this place.
 B = Non-inter-level travel time spent in this place.
 C = Inter-level travel time spent in this place.
 D = Time resting spent in this place.
 E = Time spent auto-exploring this place.
 F = Levels seen in this place.
 G = Mean time per level.
                   A        B        C        D        E       F      G
               +--------+--------+--------+--------+--------+-----+--------+
         Total |  17177 |  16750 |    427 |   4369 |   9895 |  17 | 1010.4 |
       Dungeon |  12387 |  12021 |    366 |   3058 |   7209 |  12 | 1032.2 |
        Temple |    181 |    160 |     21 |      0 |    144 |   1 |  181.0 |
          Lair |   4608 |   4569 |     39 |   1311 |   2541 |   4 | 1152.0 |
               +--------+--------+--------+--------+--------+-----+--------+

Top non-repeatable levels by time:
     D:8: 1610 daAuts
  Lair:2: 1557 daAuts
     D:6: 1527 daAuts
  Lair:3: 1335 daAuts
    D:11: 1096 daAuts
     D:1: 1095 daAuts
  Lair:4: 985 daAuts
     D:5: 977 daAuts
     D:4: 975 daAuts
    D:10: 968 daAuts
     D:3: 924 daAuts
     D:7: 877 daAuts
    D:12: 804 daAuts
     D:2: 798 daAuts
     D:9: 730 daAuts
